 Dungeon Sprint DCSS version 0.29-a0-700-g2f1814c7b2 (webtiles) character file.

Game seed: 13418896819576227844

54444 mhtbhm the Ninja (level 14, -8/70 HPs)
             Began as a Spriggan Enchanter on June 25, 2022.
             Was the Champion of Dithmenos.
             Shot with a bolt by a yaktaur captain (42 damage)
             ... in the Dungeon (Sprint IX: "|||||||||||||||||||||||||||||").
             The game lasted 00:18:30 (6165 turns).

mhtbhm the Ninja (Spriggan Enchanter)               Turns: 6165, Time: 00:18:30

Health: -8/70      AC:  5    Str:  4    XL:     14   Next: 34%
Magic:  23/41      EV: 28    Int: 21    God:    Dithmenos [******]
Gold:   245        SH:  0    Dex: 22    Spells: 21/58 levels left

rFire   . . .      SeeInvis +   a - +1 dagger
rCold   + . .      Faith    .   (no shield)
rNeg    . . .      Spirit   .   b - +2 robe {rC+}
rPois   .          Reflect  .   (helmet restricted)
rElec   .          Harm     .   k - +0 cloak
rCorr   .          Rampage  .   (gloves unavailable)
Will    ++...      NoTele   +   (boots unavailable) Stlth *********+
                                (no amulet)
HPRegen 0.21/turn               l - +3 ring of dexterity
MPRegen 0.27/turn               m - +3 ring of intelligence

@: wreathed by umbra, very quick
A: very small, no large weapons, unfitting armour, see invisible, speed 3
a: Renounce Religion, Shadow Step, Shadow Form


You were in the Dungeon.
You worshipped Dithmenos.
Dithmenos was exalted by your worship.
You visited 1 branch You collected 1911 gold pieces.
You spent 1666 gold pieces at shops.

Inventory:

Hand Weapons
 a - a +1 dagger (weapon)
Missiles
 r - 3 throwing nets (quivered)
Armour
 b - a +2 robe of cold resistance (worn)
 k - a +0 cloak (worn)
Jewellery
 l - a +3 ring of dexterity (left hand)
 m - a +3 ring of intelligence (right hand)
 t - a ring of protection from cold
 u - a ring of protection from fire
 v - a ring of fire
Wands
 j - a wand of quicksilver (8)
Scrolls
 h - 2 scrolls of amnesia
 i - 3 scrolls of blinking
 o - 2 scrolls of fear
 p - 5 scrolls of fog
 q - 6 scrolls of enchant weapon
Potions
 c - 2 potions of invisibility
 d - 8 potions of curing
 e - 6 potions of heal wounds
 f - 2 potions of haste
 g - 4 potions of magic
 n - a potion of brilliance
 s - a potion of mutation
 w - a potion of cancellation {unknown}


   Skills:
 + Level 6.3 Fighting
 + Level 11.5 Short Blades
 + Level 0.1 Throwing
 + Level 12.2 Dodging
 O Level 27 Stealth
 + Level 22.8 Spellcasting
 + Level 3.4 Conjurations
 + Level 22.1 Hexes
 + Level 2.2 Necromancy
 + Level 11.6 Ice Magic
 + Level 1.3 Air Magic
 * Level 14.6 Invocations


You had 21 spell levels left.
You knew the following spells:

 Your Spells              Type           Power      Damage    Failure   Level
a - Confusing Touch       Hex            86%        N/A       0%          3
b - Tukima's Dance        Hex            86%        N/A       0%          3
c - Ensorcelled Hibernat  Hex/Ice        100%       N/A       0%          2
d - Dazzling Flash        Conj/Hex       100%       N/A       1%          3
e - Anguish               Hex/Necr       33%        N/A       1%          4
f - Silence               Hex/Air        32%        N/A       1%          5
g - Discord               Hex            43%        N/A       1%          8
h - Apportation           Tloc           48%        N/A       1%          1
i - Disjunction           Tloc           12%        N/A       100%        8

Your spell library contained the following spells:

 Spells                   Type           Power      Damage    Failure   Level
 Necrotize                Necr           100%       1d9       1%          1
 Summon Small Mammal      Summ           96%        N/A       1%          1
 Spider Form              Tmut/Pois      24%        N/A       5%          3
 Agony                    Necr           33%        N/A       19%         5
 Conjure Ball Lightning   Conj/Air       17%        3x3d6     69%         6


Dungeon Overview and Level Annotations

Branches:
Dungeon (1/1)

Altars:
Cheibriados
Dithmenos
Elyvilon
Fedhas
Gozag
Hepliaklqana
Kikubaaqudgha
Makhleb
Nemelex Xobeh
Okawaru
Qazlal
Ru
Sif Muna
Trog
Uskayaw
Vehumet
Wu Jian
Xom
Yredelemnul
Zin
The Shining One
Beogh
Jiyva
Lugonu

Shops:
D [**:


Innate Abilities, Weirdness & Mutations

You are very small and have problems with some larger weapons.
You are too small for most types of armour.
You have supernaturally acute eyesight. (SInv)
You cover ground extremely quickly. (Speed+++)


Message History

You strike the helpless slime creature from behind!
You spit the slime creature like a pig!!!
You kill the slime creature!
Dithmenos accepts your kill.
You kill the ironbound preserver!
Dithmenos accepts your kill.
The yaktaur captain wields a +0 arbalest.
The yaktaur captain shoots a bolt.
The bolt hits you!!!
Ouch! That really hurt!
* * * LOW HITPOINT WARNING * * *
You emit a cloud of dark smoke.
Unknown command.
You feel much better.
The yaktaur captain shoots a bolt.
The bolt barely misses you.
Casting: Ensorcelled Hibernation (safe; 0% risk of failure)
Confirm with . or Enter, or press ? or * to list all spells.
Aiming: Ensorcelled Hibernation (safe; 0% risk of failure)
Press: ? - help, Shift-Dir - straight line, f - yaktaur captain
Aim: a yaktaur captain, wielding a +0 arbalest (black smoke, lightly wounded, umbra, chance to affect: 37%)
Okay, then.
Casting: Ensorcelled Hibernation (safe; 0% risk of failure)
Confirm with . or Enter, or press ? or * to list all spells.
Aiming: Ensorcelled Hibernation (safe; 0% risk of failure)
Press: ? - help, Shift-Dir - straight line, f - yaktaur captain
Aim: a yaktaur captain, wielding a +0 arbalest (black smoke, lightly wounded, umbra, chance to affect: 37%)
The yaktaur captain easily resists.
Your shadow mimicks your spell!
The yaktaur captain resists with almost no effort.
The yaktaur captain shoots a bolt.
The bolt closely misses you.
Casting: Ensorcelled Hibernation (safe; 0% risk of failure)
Confirm with . or Enter, or press ? or * to list all spells.
Aiming: Ensorcelled Hibernation (safe; 0% risk of failure)
Press: ? - help, Shift-Dir - straight line, f/p - yaktaur captain
Aim: a yaktaur captain, wielding a +0 arbalest (black smoke, lightly wounded, umbra, chance to affect: 37%)
The yaktaur captain easily resists.
Your shadow mimicks your spell!
The yaktaur captain resists with almost no effort.
The yaktaur captain shoots a bolt.
The bolt hits you!!!
Ouch! That really hurt!
You die...

.[......[...)').)..††...[[[[[[[[.
▓▓▓▓▓▓▓▓▓▓▓▓▓▓▓▓▓▓▓▓▓▓▓▓▓▓▓▓▓▓▓▓▓
...)........................†....
▓▓▓▓▓▓▓▓▓▓▓♣♣♣♣♣♣♣♣♣♣▓▓▓▓▓▓▓▓▓▓▓▓
'......†..'........)'.........)..
▓▓▓▓▓▓▓▓▓▓▓♣♣♣♣♣♣♣♣♣♣▓▓▓▓▓▓▓▓▓▓▓▓
..................[..............
▓▓▓▓▓▓▓▓▓▓▓▓▓▓▓▓▓▓▓▓▓▓▓▓▓▓▓▓▓▓▓▓▓
Ocpp)c§@§§+....).)......
▓▓▓▓▓▓▓▓▓▓▓▓▓▓▓▓▓▓▓▓▓▓▓▓


You could see a yaktaur captain.

Vanquished Creatures
  Agnes (D)
  A sphinx (D)
  A nagaraja (D)
  A frost giant (D)
  A ghost moth (D)
  2 ironbound preservers (D)
  A stone giant (D)
  2 vampire knights (D)
  2 very ugly things (D)
  An ironbound thunderhulk (D)
  A dire elephant (D)
  2 entropy weavers (D)
  2 spark wasps (D)
  A fire dragon (D)
  A shambling mangrove (D)
  Harold (D)
  3 hydras (D)
  Erolcha (D)
  5 ice dragons (D)
  2 ogre magi (D)
  3 rakshasas (D)
  An anaconda (D)
  5 two-headed ogres (D)
  An alligator snapping turtle (D)
  A deep troll shaman (D)
  2 tengu warriors (D)
  A naga sharpshooter (D)
  Nergalle (D)
  A spriggan (D)
  2 sea snakes (D)
  A steelbarb worm (D)
  2 naga ritualists (D)
  A swamp dragon (D)
  An oklob plant (D)
  A wolf spider (shapeshifter) (D)
  2 manticores (D)
  7 elephants (D)
  A vault sentinel (D)
  3 merfolk sirens (D)
  2 naga magi (D)
  2 cane toads (D)
  A cane toad (shapeshifter) (D)
  A kobold demonologist (D)
  A demonic crawler (D)
  A rime drake (D)
  3 komodo dragons (D)
  A tengu conjurer (D)
  A merfolk (D)
  A polar bear (D)
  A meliai (D)
  A wind drake (D)
  A hornet (D)
  A snapping turtle (D)
  A slime creature (D)
  2 blink frogs (D)
  2 jumping spiders (D)
  3 yaks (D)
  A vampire (D)
  2 redbacks (D)
  2 vampire mosquitoes (D)
  2 nagas (D)
  A water moccasin (shapeshifter) (D)
  2 water moccasins (D)
  11 orc warriors (D)
  2 centaurs (D)
  7 ogres (D)
  2 scorpions (D)
  2 bullfrogs (D)
  A wight (D)
  2 orc priests (D)
  4 orc wizards (D)
  2 adders (D)
  10 orcs (D)
  3 ball pythons (D)
  An endoplasm (D)
  A kobold (D)
153 creatures vanquished.

Vanquished Creatures (collateral kills)
  A vampire mage (D)
  An alligator (D)
  A deep troll earth mage (D)
  A tengu warrior (D)
  A goliath frog (D)
  A flayed ghost (D)
  An orc knight (D)
  An ugly thing (D)
  2 will-o-the-wisps (D)
10 creatures vanquished.

Vanquished Creatures (others)
  A swamp dragon (D)
  A manticore (D)
  A slime creature (D)
3 creatures vanquished.

Grand Total: 166 creatures vanquished

Notes
Turn   | Place    | Note
-------+----------+-------------------------------------------
     0 | D        | mhtbhm the Spriggan Enchanter began the quest for the Orb.
     0 | D        | Reached XP level 1. HP: 9/9 MP: 5/5
    11 | D        | Reached skill level 5 in Stealth
   175 | D        | Noticed a scorpion
   175 | D        | Noticed a scorpion
   178 | D        | Reached skill level 6 in Stealth
   178 | D        | Reached XP level 2. HP: 13/13 MP: 7/7
   188 | D        | Killed a scorpion
   189 | D        | Reached skill level 8 in Stealth
   189 | D        | Reached XP level 3. HP: 10/17 MP: 7/9
   189 | D        | Reached XP level 4. HP: 12/21 MP: 8/11
   399 | D        | Learned a level 3 spell: Confusing Touch
   403 | D        | Learned a level 3 spell: Tukima's Dance
   406 | D        | Learned a level 2 spell: Ensorcelled Hibernation
   410 | D        | Learned a level 3 spell: Dazzling Flash
   420 | D        | Killed a scorpion
   421 | D        | Reached skill level 1 in Fighting
   421 | D        | Reached skill level 5 in Dodging
   421 | D        | Reached skill level 9 in Stealth
   451 | D        | Reached skill level 10 in Stealth
   451 | D        | Reached XP level 5. HP: 18/25 MP: 1/13
   463 | D        | Found a snail-covered altar of Cheibriados.
   463 | D        | Found a shadowy altar of Dithmenos.
   463 | D        | Found a white marble altar of Elyvilon.
   463 | D        | Found a blossoming altar of Fedhas.
   463 | D        | Found an opulent altar of Gozag.
   464 | D        | Found a hazy altar of Hepliaklqana.
   465 | D        | Found a viscous altar of Jiyva.
   466 | D        | Found an ancient bone altar of Kikubaaqudgha.
   467 | D        | Found a corrupted altar of Lugonu.
   468 | D        | Found a burning altar of Makhleb.
   469 | D        | Found a sparkling altar of Nemelex Xobeh.
   470 | D        | Found an iron altar of Okawaru.
   474 | D        | Became a worshipper of Dithmenos the Shadowed
   478 | D        | Found a stormy altar of Qazlal.
   479 | D        | Found a sacrificial altar of Ru.
   480 | D        | Found a shimmering blue altar of Sif Muna.
   481 | D        | Found a bloodstained altar of Trog.
   482 | D        | Found a hide-covered altar of Uskayaw.
   483 | D        | Found a radiant altar of Vehumet.
   484 | D        | Found an ornate altar of the Wu Jian Council.
   485 | D        | Found a shimmering altar of Xom.
   486 | D        | Found a basalt altar of Yredelemnul.
   487 | D        | Found a glowing silver altar of Zin.
   488 | D        | Found a glowing golden altar of the Shining One.
   583 | D        | Noticed a two-headed ogre
   583 | D        | Noticed an orc warrior
   583 | D        | Noticed a centaur
   583 | D        | Noticed a centaur
   583 | D        | Noticed a kobold demonologist
   598 | D        | Killed a kobold demonologist
   599 | D        | Reached skill level 12 in Stealth
   599 | D        | Reached skill level 1 in Ice Magic
   599 | D        | Reached XP level 6. HP: 20/30 MP: 2/16
   807 | D        | Killed a two-headed ogre
   807 | D        | Reached * piety under Dithmenos
   808 | D        | Reached skill level 14 in Stealth
   808 | D        | Reached skill level 1 in Conjurations
   808 | D        | Reached skill level 10 in Hexes
   808 | D        | Reached XP level 7. HP: 30/36 MP: 13/20
   808 | D        | Reached XP level 8. HP: 33/40 MP: 13/21
   923 | D        | Reached ** piety under Dithmenos
   956 | D        | Noticed a culicivora
   956 | D        | Noticed a manticore
   956 | D        | Noticed a manticore
   958 | D        | Killed a manticore
   959 | D        | Reached skill level 15 in Stealth
   963 | D        | Reached skill level 10 in Spellcasting
  1249 | D        | Killed a manticore
  1250 | D        | Reached skill level 16 in Stealth
  1250 | D        | Reached XP level 9. HP: 34/45 MP: 15/24
  1252 | D        | Reached *** piety under Dithmenos
  1263 | D        | Reached skill level 17 in Stealth
  1792 | D        | Noticed a cane toad
  1792 | D        | Noticed a komodo dragon
  1793 | D        | Noticed a komodo dragon
  1794 | D        | Killed a komodo dragon
  1796 | D        | Reached **** piety under Dithmenos
  1800 | D        | Killed a cane toad
  1801 | D        | Reached skill level 18 in Stealth
  1807 | D        | Reached ***** piety under Dithmenos
  1812 | D        | Killed a komodo dragon
  1815 | D        | Reached skill level 19 in Stealth
  1815 | D        | Reached skill level 5 in Ice Magic
  1820 | D        | Reached XP level 10. HP: 27/49 MP: 8/27
  1960 | D        | Noticed a six-headed hydra
  1960 | D        | Noticed a cane toad
  1962 | D        | Killed a cane toad
  1963 | D        | Noticed an oklob plant
  1967 | D        | Reached skill level 20 in Stealth
  1991 | D        | Killed a six-headed hydra
  2003 | D        | Reached skill level 21 in Stealth
  2049 | D        | Killed an oklob plant
  2049 | D        | Reached ****** piety under Dithmenos
  2055 | D        | Noticed a dire elephant
  2055 | D        | Noticed an elephant
  2055 | D        | Noticed an elephant
  2055 | D        | Noticed an elephant
  2055 | D        | Noticed an elephant
  2055 | D        | Noticed an elephant
  2056 | D        | Noticed an elephant
  2057 | D        | Killed an elephant
  2058 | D        | Noticed an elephant
  2059 | D        | Killed an elephant
  2060 | D        | Reached skill level 22 in Stealth
  2061 | D        | Killed an elephant
  2063 | D        | Killed an elephant
  2064 | D        | Reached XP level 11. HP: 54/54 MP: 21/30
  2067 | D        | Killed a dire elephant
  2068 | D        | Reached skill level 10 in Short Blades
  2068 | D        | Reached skill level 23 in Stealth
  2072 | D        | Reached skill level 15 in Spellcasting
  2130 | D        | Noticed Erolcha
  2137 | D        | Killed Erolcha
  2138 | D        | Reached skill level 24 in Stealth
  2138 | D        | Reached skill level 15 in Hexes
  2138 | D        | Reached skill level 1 in Invocations
  2166 | D        | Noticed Harold
  2173 | D        | Killed Harold
  2665 | D        | Reached skill level 25 in Stealth
  2985 | D        | Found Baugyh's Book Boutique.
  2985 | D        | Noticed a two-headed ogre
  2985 | D        | Noticed an ogre mage
  2988 | D        | Found Otesosur's General Store.
  2989 | D        | Killed an ogre mage
  2990 | D        | Noticed a two-headed ogre
  2992 | D        | Found Pesmo's General Store.
  2993 | D        | Killed a two-headed ogre
  2995 | D        | Noticed a two-headed ogre
  3003 | D        | Killed a two-headed ogre
  3004 | D        | Reached skill level 5 in Invocations
  3006 | D        | Noticed an ogre mage
  3011 | D        | Killed a two-headed ogre
  3022 | D        | Killed an ogre mage
  3023 | D        | Reached skill level 26 in Stealth
  3023 | D        | Reached XP level 12. HP: 59/59 MP: 17/33
  3100 | D        | Found Qont's Armour Shop.
  3106 | D        | Noticed a two-headed ogre
  3113 | D        | Killed a two-headed ogre
  3138 | D        | Bought a potion of mutation for 112 gold pieces
  3140 | D        | Bought a potion of heal wounds for 70 gold pieces
  3142 | D        | Bought a book of Dreams for 336 gold pieces
  3142 | D        | Bought a book of Chaos for 700 gold pieces
  3142 | D        | Bought a book of the Senses for 448 gold pieces
  3147 | D        | Learned a level 4 spell: Anguish
  3153 | D        | Learned a level 5 spell: Silence
  3162 | D        | Learned a level 8 spell: Discord
  3164 | D        | Learned a level 1 spell: Apportation
  3173 | D        | Learned a level 8 spell: Disjunction
  3317 | D        | Noticed a six-headed hydra
  3335 | D        | Killed a six-headed hydra
  3338 | D        | Reached skill level 27 in Stealth
  3339 | D        | Noticed a tengu warrior
  3343 | D        | Noticed a rakshasa
  3358 | D        | Killed a rakshasa
  3364 | D        | Killed a tengu warrior
  3365 | D        | Reached skill level 5 in Fighting
  3391 | D        | Noticed a tengu warrior
  3399 | D        | Killed a tengu warrior
  3505 | D        | Noticed an ice dragon
  3506 | D        | Noticed an ice dragon
  3506 | D        | Noticed a sphinx
  3507 | D        | Killed an ice dragon
  3509 | D        | Killed a sphinx
  3514 | D        | Killed an ice dragon
  3605 | D        | Noticed Agnes
  3607 | D        | Killed Agnes
  3608 | D        | Reached skill level 1 in Necromancy
  3697 | D        | Noticed a nagaraja
  3700 | D        | Noticed an anaconda
  3917 | D        | Killed a nagaraja
  3918 | D        | Reached skill level 10 in Invocations
  4058 | D        | Reached XP level 13. HP: 18/63 MP: 31/36
  4396 | D        | Reached skill level 10 in Dodging
  4398 | D        | Reached skill level 1 in Air Magic
  4400 | D        | Reached skill level 10 in Ice Magic
  4731 | D        | Noticed an entropy weaver
  4732 | D        | Noticed a ghost moth
  4734 | D        | Noticed an entropy weaver
  4930 | D        | Killed an entropy weaver
  5054 | D        | Killed a ghost moth
  5271 | D        | Killed an entropy weaver
  5363 | D        | Noticed Nergalle
  5368 | D        | Killed Nergalle
  5449 | D        | Noticed a stone giant
  5449 | D        | Noticed a spark wasp
  5449 | D        | Noticed a green very ugly thing
  5449 | D        | Noticed a vampire knight
  5449 | D        | Noticed a fire dragon
  5451 | D        | Killed a fire dragon
  5453 | D        | Killed a vampire knight
  5466 | D        | Killed a green very ugly thing
  5469 | D        | Killed a spark wasp
  5477 | D        | Killed a stone giant
  5483 | D        | Noticed a vampire knight
  5743 | D        | Reached XP level 14. HP: 58/70 MP: 31/40
  5814 | D        | Killed a vampire knight
  5891 | D        | Noticed a frost giant
  5967 | D        | Killed a frost giant
  6133 | D        | Noticed an ironbound preserver
  6133 | D        | Noticed a purple very ugly thing
  6133 | D        | Noticed an ironbound preserver
  6134 | D        | Noticed an ironbound thunderhulk
  6135 | D        | Killed an ironbound preserver
  6136 | D        | Noticed an ironbound preserver
  6140 | D        | Killed a purple very ugly thing
  6144 | D        | Killed an ironbound thunderhulk
  6146 | D        | Noticed a vault warden
  6151 | D        | Noticed an ironbound thunderhulk
  6162 | D        | Killed an ironbound preserver
  6165 | D        | Shot with a bolt by a yaktaur captain

Illustrated notes

Levels and vault maps discovered:
D:        linesprint [early_d, line_temple, items_1, d_10, items_2, lair_1,
          lair_end, items_3, orc_1, orc_end, items_4, d_15, swamp_1, shoals_1,
          snake_1, spider_1, d_20, vaults_1, items_5, swamp_end, shoals_end,
          snake_end, spider_end, vaults_end, d_27, items_6, zot_1, zot_end,
          crypt_end, forest_end, elf_end, slime_end, tomb_end, abyss_end,
          pan_hell_end]

Skill      XL: |  1  2  3  4  5  6  7  8  9 10 11 12 13 14 |
---------------+-------------------------------------------+-----
Hexes          | 4 6 7 9 10 11 13 14 15 18 21 22 | 22.1
Stealth        | 6 8 10 12 14 16 19 22 26 27 | 27.0
Dodging        | 3 4 5 7 8 9 11 12 | 12.2
Spellcasting   | 3 4 6 8 10 12 14 16 18 21 22 | 22.8
Short Blades   | 2 3 6 7 8 9 10 11 | 11.5
Fighting       | 1 2 3 4 5 6 |  6.3
Ice Magic      | 1 3 5 6 8 9 11 | 11.6
Conjurations   | 1 2 3 |  3.4
Invocations    | 5 10 13 14 | 14.6
Necromancy     | 1 2 |  2.2
Air Magic      | 1 |  1.3
Throwing       | |  0.1

Action                   |  1- 3 |  4- 6 |  7- 9 | 10-12 | 13-15 || total
-------------------------+-------+-------+-------+-------+-------++-------
Melee: Dagger            |    33 |    34 |    29 |   143 |   115 ||   354
       Punch             |       |       |       |     2 |     1 ||     3
Throw: Throwing net      |       |       |       |     1 |       ||     1
 Cast: Ensorcelled Hiber |       |    10 |    18 |    61 |    44 ||   133
       Confusing Touch   |       |     2 |     5 |     3 |     8 ||    18
       Dazzling Flash    |       |     2 |     1 |     5 |    12 ||    20
       Anguish           |       |       |       |     2 |     1 ||     3
       Discord           |       |       |       |     1 |     2 ||     3
       Silence           |       |       |       |     1 |       ||     1
Invok: Shadow Step       |       |       |       |     2 |     1 ||     3
Evoke: Wand              |       |       |       |     1 |     1 ||     2
  Use: Potion            |     2 |       |       |     1 |     5 ||     8
 Stab: Sleeping          |     2 |     4 |    13 |    63 |    29 ||   111
       Confused          |       |     1 |     5 |     2 |    14 ||    22
       Invisible         |       |     1 |       |     6 |    13 ||    20
       Held in net/web   |       |       |       |     2 |       ||     2
       Distracted        |       |       |       |       |     1 ||     1
Armor: Robe              |     1 |     2 |     1 |     1 |     3 ||     8
Dodge: Dodged            |    24 |    31 |    28 |    62 |    92 ||   237

Table legend: (Time is in decaauts)
 A = Elapsed time spent in this place.
 B = Non-inter-level travel time spent in this place.
 C = Inter-level travel time spent in this place.
 D = Time resting spent in this place.
 E = Time spent auto-exploring this place.
 F = Levels seen in this place.
 G = Mean time per level.
                   A        B        C        D        E       F      G
               +--------+--------+--------+--------+--------+-----+--------+
         Total |   5323 |   5323 |      0 |   3261 |    911 |   1 | 5323.0 |
       Dungeon |   5323 |   5323 |      0 |   3261 |    911 |   1 | 5323.0 |
               +--------+--------+--------+--------+--------+-----+--------+

Top non-repeatable levels by time:
       D: 5323 daAuts
